 Dungeon Crawl Stone Soup version 0.25-a0-890-g62861fb (webtiles) character file.

Game seed: 11475957428642257281, levelgen mode: deterministic

2835 BlueFish the Ruffian (level 9, -6/59 HPs)
             Began as an Octopode Warper on May 10, 2020.
             Mangled by a troll (14 damage)
             ... on level 7 of the Dungeon.
             The game lasted 00:25:08 (8842 turns).

BlueFish the Ruffian (Octopode Warper)              Turns: 8842, Time: 00:25:08

Health: -6/59      AC:  1    Str: 14    XL:     9   Next: 73%
Magic:  5/15       EV: 18    Int: 15    God:
Gold:   391        SH:  0    Dex: 11    Spells: 3/16 levels left

rFire    . . .     SeeInvis .     - Unarmed
rCold    . . .     Gourm    .   (no shield)
rNeg     . . .     Faith    .   (helmet restricted)
rPois    .         Spirit   .   (no amulet)
rElec    .         Reflect  .   i - +1 ring of slaying
rCorr    +         Harm     .   s - ring of resist corrosion
MR       .....                  t - +3 ring of evasion
Stlth    ++++......             (no ring)
HPRegen  0.19/turn              (no ring)
MPRegen  0.14/turn              (no ring)
                                (no ring)
                                (no ring)

@: about to teleport, appendage
A: almost no armour, stealthy swim, amphibious, 8 rings, constrict 8, tentacle
spike 3, camouflage 1, gelatinous body 1
a: End Transformation


You were on level 7 of the Dungeon.
You were not hungry.
One of your tentacles had a temporary spike.
You visited 2 branches of the dungeon, and saw 8 of its levels.
You also visited: Sewer.

You collected 391 gold pieces.

Inventory:

Missiles
 c - 5 boomerangs of dispersal
 h - 45 poisoned darts (quivered)
 r - 108 arrows
Jewellery
 i - a +1 ring of slaying (left tentacle)
 s - a ring of resist corrosion (right tentacle)
 t - a +3 ring of evasion (on tentacle)
Wands
 w - a wand of paralysis (10)
 y - a wand of digging (4)
 A - a wand of acid (9)
Scrolls
 b - a scroll of blinking
 f - a scroll of magic mapping
 g - 4 scrolls of remove curse
 o - 2 scrolls of fog
 q - 2 scrolls of enchant armour
 u - 2 scrolls of teleportation
 z - a scroll of enchant weapon
 C - a scroll of random uselessness {unknown}
Potions
 a - 2 potions of haste
 e - a potion of ambrosia {unknown}
 j - a potion of magic {unknown}
 k - 6 potions of stabbing
 l - 2 potions of invisibility
 m - 2 potions of might
 n - 8 potions of curing
 p - 2 potions of flight {unknown}
 v - a potion of brilliance {unknown}
 x - 7 potions of heal wounds
Comestibles
 d - 9 rations


   Skills:
 * Level 4.7 Fighting
 + Level 1.2 Throwing
 * Level 4.9 Dodging
 * Level 6.9 Stealth
 * Level 7.2 Unarmed Combat
 + Level 4.2 Spellcasting
 + Level 2.1 Charms
 * Level 4.7 Translocations
 * Level 4.5 Transmutations


You had 3 spell levels left.
You knew the following spells:

 Your Spells              Type           Power        Failure   Level  Hunger
a - Beastly Appendage     Tmut           ###...       2%          1    None
b - Blink                 Tloc           N/A          3%          2    ##.....
c - Shroud of Golubria    Chrm/Tloc      ##....       7%          2    ##.....
d - Sticks to Snakes      Tmut           ###.....     4%          2    ##.....
e - Lesser Beckoning      Tloc           ###.......   8%          3    ###....
f - Teleport Other        Tloc           ###.....     8%          3    ###....

Your spell library contained the following spells:

 Spells                   Type           Power        Failure   Level  Hunger
 Gell's Gravitas          Tloc           ###.......   8%          3    ###....
 Spider Form              Tmut/Pois      #.........   22%         3    ###....
 Confusing Touch          Hex            #.......     47%         3    ###....
 Passage of Golubria      Tloc           N/A          26%         4    ####...
 Ice Form                 Ice/Tmut       #.......     56%         4    ####...
 Petrify                  Tmut/Erth      #.......     56%         4    ####...
 Blade Hands              Tmut           ###.......   61%         5    ######.
 Yara's Violent Unravell  Hex/Tmut       #.........   89%         5    ######.
 Metabolic Englaciation   Hex/Ice        #.........   99%         5    ######.


Dungeon Overview and Level Annotations

Branches:
Dungeon (7/15)             Temple (1/1) D:4           Sewer (visited)

Altars:
Ashenzari
Dithmenos
Elyvilon
Fedhas
Kikubaaqudgha
Nemelex Xobeh
Okawaru
Qazlal
Ru
Sif Muna
Trog
Uskayaw
Vehumet
Wu Jian
Xom
Zin
The Shining One
Beogh

Shops:
D:4 *


Innate Abilities, Weirdness & Mutations

You cannot wear most types of armour.
You are very stealthy in the water. (Stealth+)
You are amphibious.
You can wear up to eight rings at the same time.
You can use your tentacles to constrict eight enemies at once.
Your skin changes colour to match your surroundings (Stealth+).
Your rubbery body absorbs attacks. (AC +1, EV +1)
One of your tentacles bears a large vicious spike.


Message History

Your ball python closely misses the troll.
Your adder bites the troll.
Your ball python bites the troll but does no damage.
The troll barely misses your adder. The troll claws your adder!
The troll claws your adder but does no damage.
Casting: Beastly Appendage (safe; 2% risk of failure)
Confirm with . or Enter, or press ? or * to list all spells.
You create a snake!
You now have 108 arrows.
Your adder bites the troll.
The troll is poisoned.
Your adder poisons the troll!
The troll barely misses your adder. The troll claws your adder!
Your adder dies!
As you read the scroll of teleportation, it crumbles to dust.
You feel strangely unstable. The troll bites your ball python!!
Your ball python dies!
The sky beast barely misses you.
Your ball python bites the troll.
The orc hits your ball python.
Your ball python bites the troll but does no damage.
Your ball python bites the troll.
The troll closely misses you. The troll claws you!
You die...

##############
#..S..........
#.####.###### ###.#
#.# .)..# #.########
##### #........#######
###.†....@.Y...#
#..##..#T.o.(#
#..##..#.S#..#
#......#.....#
#......#.....#
###########)## #..
..#..§.#
##########..#.#.#.o..#
.........##+#..T{....#


You could see a troll, a sky beast, an orc and a friendly ball python.

Vanquished Creatures
  Prince Ribbit (D:5)
  A hippogriff (D:7)
  Eustachio (D:4)
  Menkaure (D:4)
  A black bear (D:7)
  2 orc warriors
  2 phantoms (D:7)
  2 ice beasts (D:7)
  An ogre (D:7)
  2 centaurs
  3 big kobolds (Sewer)
  A bullfrog (D:7)
  A gnoll sergeant (D:5)
  A killer bee (D:7)
  A crimson imp (D:6)
  A quasit (D:5)
  2 bullfrog zombies (D:5)
  A jelly (D:7)
  2 orc priests (D:3)
  2 hounds
  A bullfrog skeleton (D:4)
  3 iguanas
  A gnoll shaman (D:5)
  Crazy Yiuf (D:5)
  An orc wizard (D:3)
  A hell rat (D:5)
  7 worker ants
  A killer bee zombie (D:6)
  A hound skeleton (D:7)
  6 adders
  10 gnolls
  6 river rats (D:5)
  3 oozes
  A worm (D:2)
  4 dart slugs
  2 leopard geckos
  6 orcs
  8 giant cockroaches
  8 goblins
  2 hobgoblins
  3 jackals (D:2)
  17 kobolds
  2 quokkas (D:7)
  6 ball pythons
  6 bats
  5 frilled lizards
  A quokka zombie (D:7)
  20 rats
162 creatures vanquished.

Notes
Turn   | Place    | Note
-------+----------+-------------------------------------------
     0 | D:1      | BlueFish the Octopode Warper began the quest for the Orb.
     0 | D:1      | Reached XP level 1. HP: 14/14 MP: 3/3
    82 | D:1      | Reached XP level 2. HP: 19/19 MP: 5/5
    86 | D:1      | Learned a level 2 spell: Shroud of Golubria
    89 | D:1      | Learned a level 2 spell: Blink
   817 | D:2      | Reached XP level 3. HP: 21/24 MP: 3/6
   974 | D:2      | Learned a level 1 spell: Beastly Appendage
  1009 | D:2      | Reached skill level 1 in Stealth
  1333 | D:2      | Reached XP level 4. HP: 30/30 MP: 3/7
  2277 | D:3      | Reached skill level 3 in Unarmed Combat
  2462 | D:3      | Found an ancient bone altar of Kikubaaqudgha.
  2462 | D:3      | Found a shattered altar of Ashenzari.
  2530 | D:3      | Found a roughly hewn altar of Beogh.
  2589 | D:3      | Reached XP level 5. HP: 17/36 MP: 6/8
  2617 | D:3      | Reached skill level 1 in Transmutations
  3289 | D:4      | Reached XP level 6. HP: 32/42 MP: 7/10
  3296 | D:4      | Learned a level 2 spell: Sticks to Snakes
  3300 | D:4      | Learned a level 3 spell: Lesser Beckoning
  3389 | D:4      | Found a staircase to the Ecumenical Temple.
  3409 | Temple   | Entered the Ecumenical Temple
  3966 | D:4      | Found a sparkling altar of Nemelex Xobeh.
  3970 | D:4      | Found Estyiw's Assorted Antiques.
  4044 | D:4      | Noticed Eustachio
  4059 | D:4      | Killed Eustachio
  4059 | D:4      | Reached skill level 4 in Unarmed Combat
  4059 | D:4      | Reached XP level 7. HP: 26/46 MP: 11/11
  4168 | D:4      | Noticed Menkaure
  4182 | D:4      | Killed Menkaure
  4774 | D:5      | Entered Level 5 of the Dungeon
  4774 | D:5      | Noticed Prince Ribbit
  4849 | D:5      | Found a glowing drain.
  4861 | Sewer    | Entered a sewer
  5095 | Sewer    | Reached skill level 5 in Unarmed Combat
  5095 | Sewer    | Reached XP level 8. HP: 36/54 MP: 8/12
  5286 | D:5      | Killed Prince Ribbit
  5286 | D:5      | Reached skill level 5 in Stealth
  5423 | D:5      | Found a runed translucent door.
  5424 | D:5      | Noticed Crazy Yiuf
  5436 | D:5      | Killed Crazy Yiuf
  5573 | D:5      | Learned a level 3 spell: Teleport Other
  5666 | D:5      | Found an iron altar of Okawaru.
  5667 | D:5      | Found a bloodstained altar of Trog.
  6386 | D:5      | Found the +2 ratskin cloak {+Rats rPois rN+ Str-1 Int-1
                  | Dex+1}
  6867 | D:6      | Found a sacrificial altar of Ru.
  6887 | D:6      | Reached skill level 6 in Unarmed Combat
  6998 | D:6      | Reached XP level 9. HP: 36/58 MP: 11/14
  8227 | D:7      | Reached skill level 1 in Charms
  8538 | D:7      | Noticed a troll
  8549 | D:7      | Reached skill level 7 in Unarmed Combat
  8842 | D:7      | Mangled by a troll

Levels and vault maps discovered:
D:1:      dpeg_arrival_solitude, layout_basic, minmay_pentomino_z2
D:2:      layout_loops_corners, serial_co_window_serial, co_window_corner_a,
          co_window_corner_a, co_window_corner_a, co_window_corner_a,
          co_window_paths_b, co_window_broadway_a, co_window_corner_ca,
          co_window_of_opportunity_b, co_window_cross_2,
          co_window_of_opportunity_b, co_window_corner_b, co_window_corner_cb,
          glass_columns_a, glass_columns_a, glass_columns_a, glass_columns_b,
          kennysheep_generic_room_3
D:3:      layout_loops_ring, gammafunk_temple_overflow_wave,
          kennysheep_orc_chapel
D:4:      layout_basic, lemuel_doored_altar, minmay_temple_entry_waves,
          first_ration, serial_shops, nicolae_shop_stone, uniq_menkaure,
          uniq_eustachio
D:5:      wander_guarded_unrand_ratskin, layout_basic,
          grunt_temple_overflow_bloody_war, portal_sewer_entry_d,
          lightli_minifort, uniq_crazy_yiuf_cottage, uniq_prince_ribbit1
D:6:      layout_loops_corners, nicolae_ru_awakened_eye
D:7:      minmay_clustersquares, layout_loops_ring, overflow_temple_1_default,
          grunt_ogre_cave
Temple:   grunt_temple_mini_profane

Skill      XL: |  1  2  3  4  5  6  7  8  9 |
---------------+----------------------------+-----
Stealth        | 1 2 3 4 6 |  6.9
Unarmed Combat | 3 4 5 6 7 |  7.2
Dodging        | 3 4 |  4.9
Transmutations | 1 2 3 4 |  4.5
Fighting       | 3 4 |  4.7
Spellcasting   | 3 4 |  4.2
Translocations | 4 |  4.7
Charms         | 2 |  2.1
Throwing       | |  1.2

Action                   |  1- 3 |  4- 6 |  7- 9 || total
-------------------------+-------+-------+-------++-------
Melee: Unarmed           |    80 |    91 |   288 ||   459
       Constrict         |    19 |    22 |    51 ||    92
       Tentacles         |    15 |    20 |    57 ||    92
       Kick              |     3 |    24 |    91 ||   118
       Punch             |     1 |     2 |    14 ||    17
Throw: Dart              |       |       |     2 ||     2
 Cast: Shroud of Golubri |    12 |       |    26 ||    38
       Beastly Appendage |     7 |    23 |    50 ||    80
       Sticks to Snakes  |       |       |    20 ||    20
       Blink             |       |       |     5 ||     5
  Use: Scroll            |     4 |     4 |     8 ||    16
       Potion            |       |     2 |     2 ||     4
 Stab: Sleeping          |     4 |     2 |    20 ||    26
  Eat: Chunk             |     3 |     7 |    12 ||    22
       Ration            |       |       |     2 ||     2
Armor: Skin              |     8 |     8 |     6 ||    22
Dodge: Dodged            |    44 |    47 |   206 ||   297

Table legend:
 A = Non-vault XP
 B = Vault XP
 C = Vault XP percentage of total XP
 D = Non-vault monster count
 E = Vault monster count
 F = Vault count percentage of total count
                 A         B        C        D         E       F
            +---------+---------+-------+---------+---------+-------
      Total |    1886 |    2165 |  53.4 |      92 |      70 |  43.2
            +---------+---------+-------+---------+---------+-------
        D:1 |      27 |       1 |   3.6 |      13 |       1 |   7.1
        D:2 |     104 |       2 |   1.9 |      27 |       1 |   3.6
        D:3 |      32 |     125 |  79.6 |      10 |       5 |  33.3
        D:4 |     239 |     380 |  61.4 |      10 |       2 |  16.7
        D:5 |     352 |     551 |  61.0 |      11 |      30 |  73.2
        D:6 |     444 |       0 |   0.0 |      11 |       0 |   0.0
        D:7 |     688 |     782 |  53.2 |      10 |       7 |  41.2
      Sewer |       0 |     324 | 100.0 |       0 |      24 | 100.0
            +---------+---------+-------+---------+---------+-------
